 Dungeon Crawl Stone Soup version 0.27.1-33-g824d729ab1 (webtiles) character file.

Game seed: 10255121946295936513

925 MisterFreud the Conjurer (level 7, -16/46 HPs)
             Began as a Mummy Conjurer on Dec 12, 2021.
             Was an Initiate of Vehumet.
             Demolished by a two-headed ogre (20 damage)
             ... on level 6 of the Dungeon.
             The game lasted 00:15:00 (6619 turns).

MisterFreud the Conjurer (Mummy Conjurer)           Turns: 6619, Time: 00:15:03

Health: -16/46     AC:  3    Str: 10    XL:     7   Next: 84%
Magic:  11/16      EV: 12    Int: 20    God:    Vehumet [......]
Gold:   205        SH:  0    Dex: 16    Spells: 12/18 levels left

rFire    . . .     SeeInvis .   t - +2 dagger (protect)
rCold    + . .     Faith    .   (no shield)
rNeg     + + +     Spirit   .   a - +0 robe
rPois    ∞         Reflect  .   (no helmet)
rElec    .         Harm     .   (no cloak)
rCorr    .         Rampage  .   h - +0 pair of gloves
Will     .....                  (no boots)
Stlth    ++........             (no amulet)
HPRegen  0.15/turn              n - +6 ring of dexterity
MPRegen  0.15/turn              i - ring of protection from fire

@: no status effects
A: cold resistance 1, negative energy resistance 3, torment resistance 2, heat
vulnerability 1, no potions
a: Renounce Religion


You were on level 6 of the Dungeon.
You worshipped Vehumet.
Vehumet was noncommittal.
You visited 2 branches of the dungeon, and saw 8 of its levels.

You collected 205 gold pieces.

Inventory:

Hand Weapons
 b - a +0 mace
 g - a +0 short sword
 t - a +2 dagger of protection (weapon)
 v - a +0 dagger of electrocution
Armour
 a - a +0 robe (worn)
 h - a +0 pair of gloves (worn)
Magical Staves
 o - a staff of death
Jewellery
 i - a ring of protection from fire (right hand)
 n - a +6 ring of dexterity (left hand)
Wands
 l - a wand of digging (7)
 q - a wand of mindburst (19)
 s - a wand of acid (4)
Scrolls
 c - a scroll of fear {unknown}
 d - a scroll of magic mapping {unknown}
 e - a scroll of holy word {unknown}
 f - a scroll of amnesia {unknown}
 j - 5 scrolls of identify {unknown}
 k - a scroll of brand weapon {unknown}
 m - a scroll of summoning {unknown}
 p - 3 scrolls of teleportation {unknown}
 r - 2 scrolls of enchant weapon {unknown}
 u - a scroll of enchant armour {unknown}


   Skills:
 - Level 1.5 Dodging
 - Level 1.5 Stealth
 - Level 6.0 Spellcasting
 - Level 6.0 Conjurations
 + Level 4.8 Necromancy


You had 12 spell levels left.
You knew the following spells:

 Your Spells              Type           Power      Damage    Failure   Level
a - Magic Dart            Conj           100%       1d8       1%          1
b - Searing Ray           Conj           60%        3d5       1%          2
c - Vampiric Draining     Necr           12%        2d7       4%          3

Your spell library contained the following spells:

 Spells                   Type           Power      Damage    Failure   Level
 Foxfire                  Conj/Fire      72%        2x1d7     3%          1
 Conjure Flame            Conj/Fire      18%        6-21      9%          3
 Dazzling Flash           Conj/Hex       36%        N/A       9%          3
 Slow                     Hex            6%         N/A       16%         2
 Confusing Touch          Hex            6%         N/A       30%         3
 Inner Flame              Hex/Fire       6%         N/A       30%         3
 Fulminant Prism          Conj/Hex       9%         3d7       30%         4
 Hailstorm                Conj/Ice       18%        3d6       30%         4
 Iskenderun's Mystic Bla  Conj/Tloc      18%        2d6       30%         4
 Summon Forest            Summ/Tloc      3%         N/A       96%         5
 Summon Mana Viper        Hex/Summ       6%         N/A       96%         5
 Simulacrum               Ice/Necr       7%         N/A       99%         6
 Shadow Creatures         Summ           N/A        N/A       100%        6
 Ice Form                 Ice/Tmut       Unusable   N/A       N/A         4

Dungeon Overview and Level Annotations

Branches:
Dungeon (7/15)             Temple (1/1) D:5

Altars:
Ashenzari
Dithmenos
Gozag
Hepliaklqana
Kikubaaqudgha
Makhleb
Nemelex Xobeh
Okawaru
Qazlal
Ru
Sif Muna
Trog
Uskayaw
Vehumet
Xom
Yredelemnul
Zin

Annotations:
D:6 3 runed translucent doors, ig889090's ghost, novice FoFi


Innate Abilities, Weirdness & Mutations

You are immune to poison.
Your flesh is cold resistant. (rC+)
You are immune to negative energy. (rN+++)
You are immune to unholy pain and torment.
You are vulnerable to heat. (rF-)
You do not drink.


Message History

You now have 205 gold pieces (gained 13).
Found a spear.
You see here a +0 spear.
Found a ring mail.
A two-headed ogre comes into view. It is wielding two +0 giant clubs.
The two-headed ogre shouts in stereo!
The white imp shouts, "Out, out, thou pox-marked roguish bundle of gauze!"
A two-headed ogre is nearby!
Ig889090's ghost says, "You can hit me, but you can't hurt me."
Unknown command.
Unknown command.
Aiming: Corrosive Bolt
Press: ? - help, Shift-Dir - straight line, f - two-headed ogre
Aim: a two-headed ogre, wielding two +0 giant clubs (86% to hit)
The bolt of acid hits the two-headed ogre!
The two-headed ogre is splashed with acid.
The acid corrodes the two-headed ogre!
The two-headed ogre is moderately wounded.
Unknown command.
Casting: Searing Ray (safe; 1% risk of failure)
Confirm with . or Enter, or press ? or * to list all spells.
Aiming: Searing Ray (safe; 1% risk of failure)
Press: ? - help, Shift-Dir - straight line, f/p - two-headed ogre
Aim: a two-headed ogre, wielding two +0 giant clubs (moderately wounded, covered in acid, 90% to hit)
The searing ray hits the two-headed ogre.
The two-headed ogre is moderately wounded. (Press . to maintain the ray.)
The searing ray misses the two-headed ogre.
The searing ray hits the two-headed ogre!
The two-headed ogre is heavily wounded.
The two-headed ogre hits you with a +0 giant club!
The two-headed ogre completely misses you.
The searing ray hits the two-headed ogre!
The two-headed ogre is severely wounded.
You finish channeling your searing ray.
The two-headed ogre hits you with a +0 giant club!!
Ouch! That really hurt!
* * * LOW HITPOINT WARNING * * *
The two-headed ogre hits you with a +0 giant club!!
You die...

.### #..# ####...# ###
#..###..###......# #.##
##..##.........[.###..##
#.....###+++###..##...## ..# #
##.(..#.......#........##..# #.
##...#.#.......#.#.......####+#.
.)..##.#......s#.##.......#...#
######.#......W#O##########._.
#[#......5#@# #......#...
#.#..)$..c#.###......######
#.#.......#.........##.#..##
######.#########.###....##).#...#
.................# #...##...#....
..#.#.......###### #..##....#....
.. ######..## #.##.....#.... ..
##..#########......#.... .
##.....................


You could see a two-headed ogre (corroded), a centaur, a scorpion, ig889090's
ghost and a white imp.

Vanquished Creatures
  A black bear (D:5)
  An ogre (D:5)
  A scorpion (D:4)
  5 killer bees (D:7)
  A bullfrog skeleton (D:5)
  A hound (D:5)
  A jelly (D:3)
  3 orc priests (D:7)
  A centaur skeleton (D:5)
  Jessica (D:2)
  An iguana (D:7)
  A scorpion zombie (D:5)
  2 orc wizards
  A gnoll (D:5)
  6 adders
  An adder zombie (D:5)
  2 worms
  3 dart slugs
  8 orcs
  10 endoplasms
  A giant cockroach (D:5)
  3 goblins
  3 hobgoblins
  3 jackals (D:2)
  5 quokkas
  7 ball pythons
  3 bats (D:2)
  A frilled lizard (D:2)
  5 kobolds
  5 rats
87 creatures vanquished.

Vanquished Creatures (others)
  15 fungi (D:4)
  6 plants
  2 withered plants (D:2)
23 creatures vanquished.

Grand Total: 110 creatures vanquished

Notes
Turn   | Place    | Note
-------+----------+-------------------------------------------
     0 | D:1      | MisterFreud the Mummy Conjurer began the quest for the Orb.
     0 | D:1      | Reached XP level 1. HP: 13/13 MP: 4/4
   250 | D:1      | Reached XP level 2. HP: 19/19 MP: 0/6
  1135 | D:2      | Found a faded altar of an unknown god.
  1631 | D:2      | Learned a level 2 spell: Searing Ray
  1863 | D:2      | Reached XP level 3. HP: 24/24 MP: 4/7
  2045 | D:2      | Noticed Jessica
  2051 | D:2      | Killed Jessica
  2489 | D:2      | Reached XP level 4. HP: 30/30 MP: 2/10
  3243 | D:3      | Reached XP level 5. HP: 35/35 MP: 8/11
  3641 | D:3      | Reached skill level 5 in Conjurations
  3775 | D:4      | You fall into a shaft and drop 2 floors!
  3834 | D:6      | Noticed ig889090's ghost (novice FoFi)
  3835 | D:6      | Found a runed translucent gate.
  3835 | D:6      | Found a runed translucent gate.
  3835 | D:6      | Found a runed translucent gate.
  3835 | D:6      | Noticed a centaur
  3969 | D:5      | Entered Level 5 of the Dungeon
  4415 | D:5      | Found a staircase to the Ecumenical Temple.
  4425 | D:5      | Learned a level 3 spell: Vampiric Draining
  4434 | D:5      | Noticed an ogre
  4442 | D:5      | Killed an ogre
  4443 | D:5      | Reached skill level 1 in Necromancy
  4443 | D:5      | Reached XP level 6. HP: 41/41 MP: 6/12
  4600 | D:5      | Found an opulent altar of Gozag.
  4918 | Temple   | Entered the Ecumenical Temple
  5216 | Temple   | Became a worshipper of Vehumet
  5496 | D:4      | Found a hide-covered altar of Uskayaw.
  5624 | D:4      | You fall into a shaft and drop 3 floors!
  5633 | D:7      | Reached XP level 7. HP: 45/46 MP: 5/13
  5772 | D:7      | Reached skill level 5 in Spellcasting
  6062 | D:6      | Found a broken altar of Ashenzari.
  6604 | D:6      | Noticed a two-headed ogre
  6619 | D:6      | Demolished by a two-headed ogre

Illustrated notes

Levels and vault maps discovered:
D:1:      amcnicky_arrival_gap_in_the_tavern_cellar, layout_rooms,
          corexii_corridor_pit
D:2:      layout_basic, shapermc_ecumenical_altar_flowoftime,
          minmay_pentomino_s4, uniq_jessica
D:3:      layout_loops_cross
D:4:      layout_loops_corners, eat_drink_and_be_merry_uskayaw, fedhas_altar_3,
          portal_sewer_entry_d, uniq_menkaure
D:5:      layout_basic, mainiacjoe_overflow_tiny_flanked,
          minmay_temple_entry_gardened_gates, lemuel_old_faithful
D:6:      minmay_clustersquares, layout_layer_cave,
          nicolae_ashenzari_panopticon, gammafunk_ghost_split,
          minmay_misc_feat_rows
D:7:      nzn_winding_woodlands_stair_cross [nzn_winding_woodlands_5x15_garden,
          nzn_winding_woodlands_center_triple_pond,
          nzn_winding_woodlands_5x15_sidewinder,
          nzn_winding_woodlands_5x5_perimeter, nzn_winding_woodlands_hourglass,
          nzn_winding_woodlands_5x15_concentric,
          nzn_winding_woodlands_center_diamonds,
          nzn_winding_woodlands_5x15_crooked], layout_cave_pods
Temple:   dpeg_chambers_temple

Skill      XL: |  1  2  3  4  5  6  7 |
---------------+----------------------+-----
Spellcasting   | 3 4 6 |  6.0
Conjurations   | 4 5 6 |  6.0
Necromancy     | 1 3 4 |  4.8
Dodging        | |  1.5
Stealth        | |  1.5

Action                   |  1- 3 |  4- 6 |  7- 9 || total
-------------------------+-------+-------+-------++-------
Melee: Mace              |     1 |       |       ||     1
       Short sword       |    11 |    14 |     6 ||    31
       Dagger            |       |       |     4 ||     4
 Cast: Magic Dart        |    79 |    66 |     4 ||   149
       Searing Ray       |     2 |    13 |     8 ||    23
Evoke: Wand              |       |       |     4 ||     4
 Stab: Sleeping          |       |     3 |       ||     3
Armor: Robe              |     3 |    10 |     7 ||    20
Dodge: Dodged            |    10 |    28 |    20 ||    58
